AoeStats
← Raghuram6I

Migration

503782591Analyzed
1v1 RM · 1mo ago on Sep 2, 2026· 55m 10s· 2 players
Game mode
Random Map
Map size
132×132
Population
200
Speed
Normal
Resources
Standard
Victory
Conquest
Starting age
Dark Age
Ending age
Imperial Age
RankedLock teamsTeams togetherTeam positionsShared explorationLock speedFull tech treeHidden civsTurbo modeCheats
Victory
Defeat
🇮🇳 Malay · India
804
+18
🇵🇱 Vikings · Poland
848
-18
Raghuram6I
5:09 Loom
10:13 Feudal Age
10:18 Double-Bit Axe
10:22 Town Watch
11:41 Wheelbarrow
11:21 Horse Collar
18:40 Castle Age
16:51 Gold Mining
16:52 Stone Mining
18:30 Medium Warships
22:13 Forging
22:09 Scale Barding Armor
22:12 Heavy Plow
22:32 Bow Saw
24:29 Hand Cart
26:33 Stone Shaft Mining
26:33 Gold Shaft Mining
28:33 Thalassocracy
32:44 Gold Shaft Mining
32:26 Heavy Plow
33:57 Iron Casting
40:01 Imperial Age
37:17 Town Watch
39:14 Fletching
39:24 Padded Archer Armor
41:11 Ballistics
41:52 Chemistry
40:48 Murder Holes
41:03 Masonry
40:35 Treadmill Crane
41:03 Siphons
41:10 Clinker Construction
41:10 Careening
42:22 Heavy Warships
46:33 Elite Cannon Galleon
47:55 Elite Karambit Warrior
50:06 Town Patrol
50:41 Crop Rotation
50:47 Conscription
49:58 Sappers
52:25 Forced Levy
51:56 Sappers
M1918c
11:11 Feudal Age
16:31 Castle Age
15:02 Fletching
17:49 Double-Bit Axe
19:27 Bodkin Arrow
28:18 Fishing Lines
31:24 Gillnets
35:53 Imperial Age
33:46 Ballistics
35:24 Loom
37:40 Chemistry
39:18 Man-at-Arms
40:11 Bow Saw
45:43 Bracer
47:19 Chieftains
47:41 Crossbowman
49:42 Conscription
52:26 Arbalester
Connection lost

Rejoining the realm…

Still unreachable

The connection could not be restored.

Session expired

The server has moved on; the page needs a fresh start.